 Dungeon Crawl Stone Soup version 0.30-a0-1163-gf69bf04e7a (webtiles) character file.

Game seed: 6207681749302974668

106515 Jeffwins the Frost Mage (level 16, -3/113 HPs)
             Began as a Human Wanderer on Apr 29, 2023.
             Was a High Priest of Vehumet.
             Slain by a goliath frog (9 damage)
             ... on level 1 of the Swamp.
             The game lasted 01:13:07 (29312 turns).

Jeffwins the Frost Mage (Human Wanderer)           Turns: 29312, Time: 01:13:08

Health: -3/113     AC:  2    Str: 12    XL:     16   Next: 99%
Magic:  26/29      EV: 16    Int: 30    God:    Vehumet [*****.]
Gold:   439        SH:  7    Dex: 13    Spells: 0/33 levels left

rFire   . . .        a - +7 short sword of Xeack {venom, Int+3}
rCold   + . .        c - +2 buckler {rC+}
rNeg    . . .        Z - +0 troll leather armour
rPois   +            v - +1 helmet
rElec   .            M - +0 cloak
rCorr   .            B - +0 pair of gloves
SInv    .            i - +2 pair of slick slippers {slick, slippery, EV+4}
Will    +....        X - amulet of magic regeneration
Stlth   ++           P - ring of poison resistance
HPRegen 1.18/turn    I - +6 ring of intelligence
MPRegen 0.61/turn

%: no passive effects
@: corroded, very slow
A: no striking features
a: Renounce Religion


You were on level 1 of the Swamp.
You worshipped Vehumet.
Vehumet was extremely pleased with you.
You visited 5 branches of the dungeon, and saw 24 of its levels.
You also visited: Bailey.

You collected 2469 gold pieces.
You spent 2030 gold pieces at shops.


   Skills:
 + Level 6.9 Fighting
 - Level 10.0 Short Blades
 + Level 7.0 Throwing
 - Level 1.0 Armour
 + Level 3.8 Dodging
 + Level 7.6 Stealth
 + Level 5.5 Shields
 * Level 9.3 Spellcasting
 * Level 6.0 Conjurations
 - Level 8.0 Hexes
 * Level 9.3 Summonings
 * Level 4.8 Transmutations
 * Level 6.3 Fire Magic
 * Level 13.3 Ice Magic
 * Level 3.0 Earth Magic
 * Level 4.4 Poison Magic
 + Level 6.4 Evocations


You couldn't memorise any spells.
You knew the following spells:

 Your Spells              Type           Power      Damage    Failure   Level
b - Summon Ice Beast      Ice/Summ       69%        N/A       1%          4
c - Ozocubu's Refrigerat  Ice            38%        4d15      7%          7
f - Fireball              Conj/Fire      25%        3d11      4%          5
l - Lee's Rapid Deconstr  Erth           16%        3d10*     13%         5
o - Olgreb's Toxic Radia  Pois           40%        N/A       3%          4
x - Ensorcelled Hibernat  Hex/Ice        100%       N/A       1%          2
z - Ignite Poison         Fire/Tmut/Pois 45%        N/A       1%          3
X - Frozen Ramparts       Ice            100%       1d16      1%          3

Your spell library contained the following spells:

 Spells                   Type           Power      Damage    Failure   Level
 Plasma Beam              Fire/Air       16%        2x1d30    54%         6
 Freeze                   Ice            100%       1d10      1%          1
 Sting                    Tmut/Pois      100%       1d8       1%          1
 Poisonous Vapours        Pois/Air       54%        N/A       1%          2
 Scorch                   Fire           100%       2d9       1%          2
 Wereblood                Tmut           42%        N/A       1%          2
 Stone Arrow              Conj/Erth      82%        3d12      1%          3
 Volatile Blastmotes      Fire/Tloc      66%        2d15      1%          3
 Flame Wave               Conj/Fire      50%        2d12      1%          4
 Fulminant Prism          Conj/Hex       27%        3d14      1%          4
 Ice Form                 Ice/Tmut       62%        N/A       1%          4
 Sticky Flame             Conj/Fire      50%        2d7       1%          4
 Cause Fear               Hex            29%        N/A       2%          4
 Animate Armour           Summ/Erth      100%       N/A       4%          4
 Iskenderun's Mystic Bla  Conj/Tloc      32%        2d8       5%          4
 Irradiate                Conj/Tmut      23%        3d19      5%          5
 Apportation              Tloc           28%        N/A       6%          1
 Sublimation of Blood     Necr           14%        N/A       10%         2
 Anguish                  Hex/Necr       19%        N/A       12%         4
 Petrify                  Tmut/Erth      37%        N/A       13%         4
 Summon Cactus Giant      Summ           31%        N/A       22%         6
 Alistair's Intoxication  Tmut/Pois      27%        N/A       26%         5
 Summon Hydra             Summ           31%        N/A       77%         7
 Enfeeble                 Hex            29%        N/A       90%         7
 Ignition                 Fire           25%        3d9       99%         8
 Polar Vortex             Ice            38%        N/A       99%         9
 Dragon Form              Tmut           21%        N/A       100%        7
 Lehudib's Crystal Spear  Conj/Erth      20%        10d6      100%        8
 Dragon's Call            Summ           31%        N/A       100%        9
 Shatter                  Erth           16%        3d15*     100%        9

Inventory:

Hand Weapons
 a - the +7 short sword of Xeack (weapon) {venom, Int+3}
   (You bought it in a shop on level 2 of the Orcish Mines)

   Int:       It affects your intelligence (+3).
 b - the +3 short sword of the Sage {vamp, rPois Stlth+}
   (You found it on level 5 of the Lair of Beasts)

   rPois:     It protects you from poison.
   Stlth:     It makes you more stealthy.
 V - a +3 scimitar of flaming
Missiles
 h - 15 curare-tipped darts {=f}
 u - a datura-tipped dart
 A - 34 poisoned darts (quivered)
 T - 2 throwing nets {=f}
Armour
 c - a +2 buckler of cold resistance (worn)
 i - the +2 pair of slick slippers (worn) {slick, slippery, EV+4}
   (You acquired it on level 4 of the Lair of Beasts)

   Slick:     Its wearer cannot be constricted, engulfed, netted or webbed.
   Slippery:  Its wearer slips away from damaging melee attacks, pulling the
   attacker onward.
   EV:        It affects your evasion (+4).
 v - a +1 helmet (worn)
 B - a +0 pair of gloves (worn)
 J - a +2 buckler of protection
 M - a +0 cloak (worn)
 S - a +1 robe of fire resistance
 Z - a +0 troll leather armour (worn)
Jewellery
 f - the ring of Mesiera {Fire Will+ Str+3 Stlth+}
   (You bought it in a shop on level 2 of the Orcish Mines)

   [ring of fire]

   It enhances your fire magic.
   Str:       It affects your strength (+3).
   rF:        It protects you from fire.
   rC:        It makes you vulnerable to cold.
   Will:      It increases your willpower.
   Stlth:     It makes you more stealthy.
 g - an amulet of regeneration
 I - a +6 ring of intelligence (right hand)
 P - a ring of poison resistance (left hand)
 X - an amulet of magic regeneration (around neck)
Wands
 l - a wand of iceblast (24)
 o - a wand of flame (129)
 w - a wand of charming (20)
 F - a wand of mindburst (14)
 R - a wand of polymorph (8)
Scrolls
 d - 3 scrolls of silence {!r}
 e - 8 scrolls of teleportation {@r4}
 j - 11 scrolls of vulnerability {!r}
 k - 4 scrolls of enchant armour
 m - 6 scrolls of magic mapping
 n - 6 scrolls of blinking
 r - 5 scrolls of identify {@r1}
 s - 2 scrolls of enchant weapon
 x - 7 scrolls of fear
 y - 5 scrolls of poison {!r}
 D - 2 scrolls of immolation {!r}
 K - 4 scrolls of brand weapon
 N - 7 scrolls of fog
Potions
 p - 2 potions of haste {@q3}
 q - 8 potions of curing {@q1}
 t - 4 potions of brilliance
 z - 4 potions of heal wounds {@q2}
 C - a potion of lignification {!q}
 E - 2 potions of invisibility
 G - 2 potions of resistance
 H - 2 potions of cancellation
 L - 5 potions of might
 Q - 2 potions of magic
 U - a potion of mutation {!q}
 Y - a potion of ambrosia

Dungeon Overview and Level Annotations

Branches:
Dungeon (15/15)            Temple (1/1) D:5            Lair (5/5) D:9
  Swamp (1/4) Lair:2        Snake (0/4) Lair:3        Slime (0/5) Lair:5
    Orc (2/2) D:10            Elf (0/3) Orc:2        Vaults (0/5) D:14
 Depths (0/4) D:15         Bailey (visited)

Altars:
Ashenzari
Cheibriados
Dithmenos
Elyvilon
Fedhas
Gozag
Hepliaklqana
Kikubaaqudgha
Makhleb
Nemelex Xobeh
Okawaru
Qazlal
Ru
Sif Muna
Trog
Uskayaw
Vehumet
Wu Jian
Xom
Yredelemnul
Zin
The Shining One
Jiyva

Shops:
D:3 (   D:9 [   D:10 (   D:12 (   Orc:1 *?   Orc:2 =:([

Annotations:
D:11 2 transporters, themarg's ghost, journeyman MfBe

~.♣ ♣ ♣. ♣.. ..♣♣.
~♣♣.. ..♣.. ♣.~~.
♣♣~..~ ~..~♣♣ ♣.~~.§
♣.§~♣ ♣♣♣ ♣.~..~
♣~~F♣ ♣♣.♣♣♣♣..~~~
♣.~.♣♣♣♣♣....♣...~~~
♣.~@.♣♣..♣..~..♣..~~
♣.~~§.........♣♣♣~§~
♣..~~F#####..~.~....
♣♣....~# #...~~~~>~
♣..♣.~.. #.....~..♣
♣..♣♣...#........~.
♣..♣ ♣..#####...~~.
♣..♣ ..# #...♣~. ♣..
... ##..~~.


You could see 2 goliath frogs.


Message History

The goliath frog hits you!! The acid corrodes you!
You are splashed with acid!
You slip backwards!
Splash!
You closely miss the goliath frog. The goliath frog hits you from afar!
The acid corrodes you!
You are splashed with acid!
The goliath frog hits you!!
* * * LOW HITPOINT WARNING * * *
You are splashed with acid!
* * * LOW HITPOINT WARNING * * *
You slip backwards!
Splash!
As you read the scroll of fear, it crumbles to dust.
You assume a fearsome visage.
The goliath frog looks frightened! x2
Unknown command.
Casting: Ignite Poison (safe; 1% risk of failure)
Confirm with . or Enter, or press ? or * to list all spells.
You begin to radiate toxic energy.
Your attack snaps the goliath frog out of its fear.
The goliath frog is poisoned.
Your attack snaps the goliath frog out of its fear.
The goliath frog is poisoned.
The goliath frog looks even sicker. x2
The goliath frog closely misses you. The goliath frog hits you from afar!!
* * * LOW HITPOINT WARNING * * *
You are splashed with acid.
* * * LOW HITPOINT WARNING * * *
As you read the scroll of fear, it crumbles to dust.
You assume a fearsome visage.
The goliath frog looks frightened! x2
Your attack snaps the goliath frog out of its fear. x2
Your toxic aura wanes.
You block the goliath frog's attack. The goliath frog hits you from afar!
You die...

Skill      XL: |  1  2  3  4  5  6  7  8  9 10 11 12 13 14 15 16 |
---------------+-------------------------------------------------+-----
Short Blades   | 1 2 3 4 5 6 7 8 9 10 | 10.0
Stealth        | 1 2 3 4 5 6 7 |  7.6
Hexes          | 1 2 3 4 5 6 7 8 |  8.0
Fighting       | 1 2 3 4 5 6 |  6.9
Throwing       | 1 2 3 4 5 6 7 |  7.0
Spellcasting   | 3 4 5 6 7 8 9 |  9.3
Ice Magic      | 5 6 7 8 11 12 13 | 13.3
Summonings     | 1 2 3 4 6 7 8 9 |  9.3
Evocations     | 1 2 3 4 5 6 |  6.4
Shields        | 1 2 3 4 5 |  5.5
Conjurations   | 1 4 5 6 |  6.0
Fire Magic     | 1 3 5 6 |  6.3
Poison Magic   | 3 4 |  4.4
Transmutations | 3 4 |  4.8
Earth Magic    | 3 |  3.0
Armour         | |  1.0
Dodging        | |  3.8

Action                     |  1- 3 |  4- 6 |  7- 9 | 10-12 | 13-15 | 16-18 || total
---------------------------+-------+-------+-------+-------+-------+-------++-------
  Melee: Club              |    14 |       |       |       |       |       ||    14
         Dagger            |    23 |    27 |   226 |   487 |   761 |   225 ||  1749
         Punch             |     2 |       |     5 |     2 |       |       ||     9
         Short sword       |       |       |       |       |   109 |    67 ||   176
  Throw: Dart              |       |     1 |     6 |     6 |    12 |       ||    25
   Cast: Freeze            |    31 |    67 |    49 |    32 |     5 |       ||   184
         Ensorcelled Hiber |       |     2 |    40 |    81 |    92 |    21 ||   236
         Summon Ice Beast  |       |       |       |    17 |    29 |     5 ||    51
         Frozen Ramparts   |       |       |       |    18 |    34 |     2 ||    54
         Fireball          |       |       |       |       |    20 |     5 ||    25
         Ignite Poison     |       |       |       |       |    60 |    62 ||   122
         Olgreb's Toxic Ra |       |       |       |       |     3 |    58 ||    61
         Ozocubu's Refrige |       |       |       |       |       |    26 ||    26
         Lee's Rapid Decon |       |       |       |       |       |    24 ||    24
  Evoke: Wand              |       |       |    21 |    31 |    11 |       ||    63
    Use: Scroll            |       |     3 |     4 |    12 |    13 |     4 ||    36
         Potion            |       |     2 |     3 |     1 |     1 |     3 ||    10
   Stab: Sleeping          |     1 |       |    27 |    41 |    58 |     9 ||   136
         Distracted        |       |     1 |       |     4 |     3 |       ||     8
         Invisible         |       |       |     1 |       |       |       ||     1
 Armour: Robe              |    18 |    33 |    41 |    69 |       |       ||   161
         Troll leather arm |       |       |       |    35 |   245 |    73 ||   353
  Dodge: Dodged            |    34 |    50 |   148 |   199 |   388 |   137 ||   956
  Block: Buckler           |       |       |       |    82 |   237 |    78 ||   397

Levels and vault maps discovered:
D:1:      minmay_arrival_four_loops, layout_basic, basic_ecumenical_altar,
          corexii_leaking_fountain, minivault_4
D:2:      layout_basic, st_stairs_11, uniq_sigmund
D:3:      gammafunk_steamed_eel, layout_rooms, dreamdust_divine_triumvirate,
          serial_shops, nicolae_shop_bloodbath_and_beyond,
          chequers_serial_rivers_marsh, hangedman_decor_points,
          minmay_statues_item, uniq_terence, uniq_robin
D:4:      layout_rooms, minmay_fire_ice_demons, uniq_duvessa, uniq_pikel,
          uniq_natasha
D:5:      layout_loops_corners, mainiacjoe_overflow_brackets,
          amcnicky_altar_gilded, minmay_temple_entry_drinking_statues,
          kennysheep_generic_room_14
D:6:      layout_loops_cross
D:7:      cheibrodos_two_vegetables, layout_loops_ring
D:8:      layout_basic, mainiacjoe_overflow_alcove_1, uniq_grum
D:9:      minmay_razor_zed, layout_rooms, grunt_temple_overflow_open,
          david_lair_shrubbed, serial_shops, shop, enter_bailey_4,
          dk_noncrumbling_4
D:10:     layout_layer_cave, nemelex_diamond_rough_becter, david_orc_1_choice,
          nicolae_shop_firing_range, uniq_nergalle
D:11:     layout_grid_maze, gammafunk_ghost_berserking_beasts
D:12:     layout_irregular_city, serial_shops, shop, nicolae_nh_vlads_tower,
          uniq_maurice
D:13:     layout_irregular_city
D:14:     layout_basic, grunt_vaults_entry_tiered, hangedman_decor_opposing,
          chequers_big_river, lemuel_zombie_altar_yredelemnul
D:15:     grunt_enter_depths_giant_problem, layout_stronghold,
          serial_bayou_shore_a
Temple:   hellmonk_temple_rainy
Lair:1:   layout_cellular_growth
Lair:2:   layout_misc_corridors, nicolae_swamp_entry_splash_gauntlet,
          nicolae_lair_lakeside_cave
Lair:3:   layout_cave_shapes, minmay_snake_entry_guardpost_medium, worms_lemuel
Lair:4:   layout_gridlike, lemuel_another_geyser
Lair:5:   evilmike_catoblepas_cave, layout_layer_cave,
          nicolae_slime_entry_slimehenge, uniq_josephine
Swamp:1:  layout_falls_marsh, hangedman_swamp_ruin_wall, swamp_pool1
Orc:1:    layout_caves, serial_shops, shop, shop, uniq_urug, uniq_snorg
Orc:2:    st_orc_town, layout_caves, basic_altar

Notes
Turn   | Place    | Note
-------+----------+-------------------------------------------
     0 | D:1      | Jeffwins the Human Wanderer began the quest for the Orb.
     0 | D:1      | Jeffwins set off with the following items: a +0 club, a +0
                  | cloak, a +0 robe, 2 scrolls of silence {!r}; and the
                  | following spell memorised: Freeze; and the following spells
                  | available to memorise: Ensorcelled Hibernation, Summon Ice
                  | Beast.
     0 | D:1      | Reached XP level 1. HP: 13/13 MP: 3/3
   200 | D:1      | Reached XP level 2. HP: 16/19 MP: 1/5
   551 | D:1      | Reached skill level 1 in Short Blades
   585 | D:1      | Found a faded altar of an unknown god.
   711 | D:1      | Reached XP level 3. HP: 19/24 MP: 6/6
   779 | D:1      | Learned a level 2 spell: Ensorcelled Hibernation
   930 | D:2      | Noticed Sigmund
  1240 | D:2      | Reached XP level 4. HP: 27/30 MP: 3/7
  1488 | D:2      | Reached skill level 1 in Stealth
  1491 | D:2      | Reached skill level 1 in Hexes
  1766 | D:2      | Killed Sigmund
  1767 | D:2      | Reached skill level 1 in Fighting
  1767 | D:2      | Reached skill level 2 in Short Blades
  1767 | D:2      | Reached skill level 1 in Throwing
  1767 | D:2      | Reached skill level 3 in Spellcasting
  1767 | D:2      | Reached XP level 5. HP: 27/37 MP: 5/9
  1767 | D:2      | Reached XP level 6. HP: 32/43 MP: 5/10
  1989 | D:2      | Reached skill level 2 in Hexes
  2442 | D:3      | Noticed Terence
  2520 | D:3      | Reached skill level 5 in Ice Magic
  2520 | D:3      | Reached XP level 7. HP: 45/48 MP: 8/11
  2556 | D:3      | Killed Terence
  2707 | D:3      | Noticed Robin
  2709 | D:3      | Found a transporter.
  2714 | D:3      | Killed Robin
  2807 | D:3      | Found Bumn's Weapon Boutique.
  2925 | D:3      | Found a transporter.
  2956 | D:3      | Found a glowing silver altar of Zin.
  2956 | D:3      | Found a white marble altar of Elyvilon.
  2958 | D:3      | Found a glowing golden altar of the Shining One.
  3352 | D:3      | Reached skill level 3 in Short Blades
  3352 | D:3      | Reached skill level 2 in Stealth
  3517 | D:3      | Learned a level 4 spell: Summon Ice Beast
  3588 | D:3      | Reached skill level 2 in Throwing
  4039 | D:4      | Got the Textbook on Congealing Terra Firma
  4052 | D:4      | Noticed Duvessa
  4052 | D:4      | Noticed Dowan
  4052 | D:4      | Noticed Natasha
  4080 | D:4      | Killed Duvessa
  4081 | D:4      | Reached skill level 1 in Summonings
  4081 | D:4      | Reached XP level 8. HP: 23/55 MP: 4/13
  4084 | D:4      | HP: 3/55 [poisoned by Dowan]
  4089 | D:4      | Killed Dowan
  4108 | D:4      | Reached skill level 3 in Hexes
  4108 | D:4      | Reached skill level 1 in Evocations
  4241 | D:4      | Killed Natasha
  4320 | D:4      | Reached skill level 2 in Fighting
  4580 | D:4      | Noticed Natasha
  4585 | D:4      | Killed Natasha
  4749 | D:4      | Noticed Natasha
  4758 | D:4      | Killed Natasha
  4822 | D:4      | Reached skill level 4 in Spellcasting
  4961 | D:4      | Noticed Pikel
  4980 | D:4      | Killed Pikel
  4981 | D:4      | Reached skill level 4 in Short Blades
  4981 | D:4      | Reached skill level 2 in Summonings
  4981 | D:4      | Reached skill level 6 in Ice Magic
  4981 | D:4      | Reached XP level 9. HP: 52/62 MP: 2/15
  5215 | D:5      | Entered Level 5 of the Dungeon
  5326 | D:5      | Found a broken altar of Ashenzari.
  5334 | D:5      | Reached skill level 3 in Stealth
  5334 | D:5      | Reached skill level 2 in Evocations
  5463 | D:5      | Found a bloodstained altar of Trog.
  5502 | D:5      | Reached skill level 3 in Throwing
  5502 | D:5      | Reached skill level 4 in Hexes
  5723 | D:5      | Reached skill level 3 in Summonings
  5870 | D:5      | Found a staircase to the Ecumenical Temple.
  6342 | Temple   | Entered the Ecumenical Temple
  6385 | Temple   | Became a worshipper of Vehumet
  6640 | D:6      | Reached skill level 3 in Fighting
  6948 | D:6      | Reached skill level 5 in Spellcasting
  7283 | D:6      | Reached skill level 5 in Short Blades
  7391 | D:6      | Reached XP level 10. HP: 58/70 MP: 17/17
  7838 | D:7      | Reached skill level 4 in Summonings
  7904 | D:7      | Reached * piety under Vehumet
  7904 | D:7      | Offered knowledge of Kiss of Death by Vehumet.
  7915 | D:7      | Reached skill level 5 in Hexes
  7915 | D:7      | Reached skill level 3 in Evocations
  8236 | D:7      | Reached skill level 7 in Ice Magic
  8416 | D:7      | Reached skill level 4 in Stealth
  8667 | D:7      | Noticed a cyan ugly thing
  8689 | D:7      | Killed a cyan ugly thing
  8930 | D:8      | Noticed a two-headed ogre
  8943 | D:8      | Killed a two-headed ogre
  8944 | D:8      | Reached skill level 4 in Throwing
  8944 | D:8      | Reached skill level 1 in Shields
  9011 | D:8      | Learned a level 3 spell: Frozen Ramparts
  9047 | D:8      | Found an opulent altar of Gozag.
  9178 | D:8      | Noticed Grum
  9201 | D:8      | Killed Grum
  9202 | D:8      | Reached skill level 6 in Short Blades
  9202 | D:8      | Reached XP level 11. HP: 27/76 MP: 14/19
  9629 | D:9      | Reached ** piety under Vehumet
  9635 | D:9      | Offered knowledge of Searing Ray by Vehumet.
  9644 | D:9      | Reached skill level 5 in Summonings
  9680 | D:9      | Found Lomac's Armour Shop.
  9688 | D:9      | Bought a +2 buckler of protection for 344 gold pieces
  9720 | D:9      | Found a flagged portal.
  9754 | Bailey   | Entered a bailey
  9797 | Bailey   | Reached skill level 6 in Spellcasting
  9846 | Bailey   | Reached skill level 4 in Fighting
 10031 | Bailey   | Reached skill level 6 in Hexes
 10050 | Bailey   | Noticed a vault guard
 10050 | Bailey   | Noticed Prince Ribbit
 10138 | Bailey   | Killed a vault guard
 10139 | Bailey   | Reached skill level 2 in Shields
 10195 | Bailey   | Killed Prince Ribbit
 10210 | Bailey   | Offered knowledge of Dazzling Flash by Vehumet.
 10270 | Bailey   | Noticed a vault guard
 10293 | Bailey   | Killed a vault guard
 10479 | D:9      | Reached *** piety under Vehumet
 10530 | D:9      | Found a staircase to the Lair.
 10589 | D:9      | Found a hide-covered altar of Uskayaw.
 10592 | D:9      | Found a blossoming altar of Fedhas.
 10593 | D:9      | Found a snail-covered altar of Cheibriados.
 10593 | D:9      | Found a burning altar of Makhleb.
 10594 | D:9      | Found an ancient bone altar of Kikubaaqudgha.
 10594 | D:9      | Found a shadowy altar of Dithmenos.
 10595 | D:9      | Found an iron altar of Okawaru.
 10604 | D:9      | Reached skill level 8 in Ice Magic
 10756 | D:9      | Noticed a purple ugly thing
 10773 | D:9      | Killed a purple ugly thing
 10774 | D:9      | Reached skill level 5 in Stealth
 10774 | D:9      | Reached skill level 4 in Evocations
 10932 | D:9      | Offered knowledge of Volatile Blastmotes by Vehumet.
 11021 | D:9      | Reached skill level 7 in Short Blades
 11021 | D:9      | Reached skill level 6 in Summonings
 11083 | D:9      | Noticed a two-headed ogre
 11090 | D:9      | Killed a two-headed ogre
 11091 | D:9      | Reached XP level 12. HP: 19/84 MP: 10/22
 11197 | D:9      | Noticed a two-headed ogre
 11268 | D:9      | Killed a two-headed ogre
 11540 | D:10     | Entered Level 10 of the Dungeon
 11819 | D:10     | Reached skill level 3 in Shields
 11858 | D:10     | Reached skill level 7 in Spellcasting
 11865 | D:10     | Reached skill level 7 in Hexes
 11957 | D:10     | Found a staircase to the Orcish Mines.
 12003 | D:10     | Reached **** piety under Vehumet
 12252 | D:10     | Found a sparkling altar of Nemelex Xobeh.
 12316 | D:10     | Offered knowledge of Fireball by Vehumet.
 12452 | D:10     | Noticed Nergalle
 12511 | D:10     | Killed Nergalle
 12512 | D:10     | Reached skill level 5 in Throwing
 12572 | D:10     | Found Muxazon's Firing Range.
 12579 | D:10     | Bought 3 poisoned darts for 25 gold pieces
 13056 | D:10     | Identified a potion of experience
 13057 | D:10     | Reached skill level 11 in Ice Magic
 13057 | D:10     | Reached XP level 13. HP: 90/90 MP: 23/23
 13252 | D:11     | Reached skill level 5 in Fighting
 13439 | D:11     | Found a transporter.
 13721 | D:11     | Found a transporter.
 13725 | D:11     | Noticed themarg's ghost (journeyman MfBe)
 14397 | D:11     | Reached skill level 12 in Ice Magic
 14539 | Lair:1   | Entered Level 1 of the Lair of Beasts
 14546 | Lair:1   | Learned a level 5 spell: Fireball
 14622 | Lair:1   | Reached skill level 7 in Summonings
 14808 | Lair:1   | Reached skill level 1 in Conjurations
 14909 | Lair:1   | Reached skill level 1 in Fire Magic
 15344 | Lair:2   | Noticed a four-headed hydra
 15351 | Lair:2   | Killed a four-headed hydra
 15438 | Lair:2   | Reached skill level 8 in Short Blades
 15440 | Lair:2   | Reached XP level 14. HP: 98/98 MP: 23/25
 15634 | Lair:2   | Reached ***** piety under Vehumet
 15634 | Lair:2   | Offered knowledge of Arcjolt by Vehumet.
 15724 | Lair:2   | Reached skill level 2 in Fire Magic
 15726 | Lair:2   | Reached skill level 2 in Conjurations
 15742 | Lair:2   | Reached skill level 6 in Stealth
 15742 | Lair:2   | Reached skill level 4 in Shields
 15755 | Lair:2   | HP: 7/98 [polar bear (19)]
 16049 | Lair:2   | Reached skill level 5 in Evocations
 16287 | Lair:2   | Identified a potion of resistance
 16470 | Lair:2   | Found a staircase to the Swamp.
 16500 | Lair:2   | Reached skill level 8 in Spellcasting
 16565 | Lair:2   | Reached skill level 3 in Conjurations
 16880 | Lair:3   | Reached skill level 3 in Fire Magic
 16888 | Lair:3   | Reached skill level 8 in Hexes
 17058 | Lair:3   | Found a staircase to the Snake Pit.
 18136 | Lair:4   | Identified a scroll of acquirement
 18140 | Lair:4   | Acquired the +2 pair of slick slippers {slick, slippery,
                  | EV+4}
 18140 | Lair:4   | Found the +2 pair of slick slippers {slick, slippery, EV+4}
 19034 | Lair:5   | Entered Level 5 of the Lair of Beasts
 19188 | Lair:5   | Reached skill level 8 in Summonings
 19300 | Lair:5   | Learned a level 3 spell: Ignite Poison
 19320 | Lair:5   | Reached skill level 6 in Throwing
 19422 | Lair:5   | Reached skill level 4 in Conjurations
 19422 | Lair:5   | Reached XP level 15. HP: 87/105 MP: 24/27
 19461 | Lair:5   | Reached skill level 1 in Poison Magic
 19489 | Lair:5   | Reached skill level 1 in Transmutations
 19489 | Lair:5   | Reached skill level 4 in Fire Magic
 19502 | Lair:5   | Reached skill level 9 in Short Blades
 19647 | Lair:5   | Offered knowledge of Olgreb's Toxic Radiance by Vehumet.
 19655 | Lair:5   | Reached skill level 6 in Fighting
 19667 | Lair:5   | Learned a level 4 spell: Olgreb's Toxic Radiance
 19803 | Lair:5   | Identified the amulet of Daxufet {Spirit Will- Dex+7
                  | Stlth+}
 19835 | Lair:5   | Identified the +3 short sword of the Sage {vamp, rPois
                  | Stlth+}
 19901 | Lair:5   | Found a viscous altar of Jiyva.
 19901 | Lair:5   | Found a staircase to the Slime Pits.
 20316 | Lair:5   | Reached skill level 2 in Transmutations
 20316 | Lair:5   | Reached skill level 2 in Poison Magic
 20372 | Lair:5   | Noticed Josephine
 20398 | Lair:5   | Killed Josephine
 21775 | D:12     | Found an ancient bone altar of Kikubaaqudgha.
 21779 | D:12     | Reached skill level 3 in Transmutations
 21806 | D:12     | Reached skill level 5 in Fire Magic
 22168 | D:12     | Noticed Maurice
 22178 | D:12     | Killed Maurice
 22509 | D:12     | Found Kuotreru's Antique Weapon Shop.
 23112 | D:13     | Reached skill level 5 in Conjurations
 23122 | D:13     | Reached skill level 3 in Poison Magic
 23135 | D:13     | Reached skill level 7 in Stealth
 23138 | D:13     | Reached skill level 5 in Shields
 23335 | D:13     | Reached XP level 16. HP: 113/113 MP: 26/28
 23341 | D:13     | Learned a level 5 spell: Lee's Rapid Deconstruction
 23741 | D:14     | HP: 5/113 [efreet/fireball (23)]
 23898 | D:13     | Reached skill level 13 in Ice Magic
 24059 | D:14     | Reached skill level 9 in Spellcasting
 24072 | D:14     | Found a basalt altar of Yredelemnul.
 24273 | D:14     | Reached skill level 4 in Transmutations
 24579 | D:14     | Reached skill level 6 in Evocations
 24581 | D:14     | Reached skill level 1 in Earth Magic
 24630 | D:14     | Reached skill level 9 in Summonings
 24657 | D:14     | Found a gate to the Vaults.
 24677 | D:14     | Identified the +6 war axe "Beetle's Bane" {drain, rPois rF-
                  | Dex+6 Stlth+}
 25070 | D:15     | Entered Level 15 of the Dungeon
 25111 | D:15     | Found a staircase to the Depths.
 25203 | D:15     | Offered knowledge of Ozocubu's Refrigeration by Vehumet.
 25689 | D:14     | Learned a level 7 spell: Ozocubu's Refrigeration
 25796 | Orc:1    | Entered Level 1 of the Orcish Mines
 25823 | Orc:1    | Noticed Snorg
 25828 | Orc:1    | Noticed Urug
 25835 | Orc:1    | Killed Snorg
 25843 | Orc:1    | Killed Urug
 25956 | Orc:1    | Found Ciedim's General Store.
 25958 | Orc:1    | Reached skill level 2 in Earth Magic
 26016 | Orc:1    | Found Wuenocs's Magic Scroll Emporium.
 26022 | Orc:1    | Bought a scroll of blinking for 127 gold pieces
 26430 | Orc:2    | Entered Level 2 of the Orcish Mines
 26439 | Orc:2    | Reached skill level 6 in Fire Magic
 26451 | Orc:2    | Found a staircase to the Elven Halls.
 26689 | Orc:2    | Reached skill level 4 in Poison Magic
 26717 | Orc:2    | Found Ostoriqy's Weapon Emporium.
 26717 | Orc:2    | Found Giufo's Armour Shop.
 26921 | Orc:2    | Found Zor Yxose's Jewellery Emporium.
 26921 | Orc:2    | Found Viecoica's Book Shop.
 26966 | Orc:2    | Bought a Young Poisoner's Handbook for 300 gold pieces
 26976 | Orc:2    | Bought the ring of Mesiera {Fire Will+ Str+3 Stlth+} for
                  | 560 gold pieces
 27009 | Orc:2    | Bought the +7 short sword of Xeack {venom, Int+3} for 674
                  | gold pieces
 27032 | Orc:2    | Identified a +2 robe of the Archmagi
 28353 | D:15     | Reached skill level 7 in Throwing
 28417 | D:15     | Reached skill level 6 in Conjurations
 28635 | D:15     | Reached skill level 10 in Short Blades
 29180 | Swamp:1  | Entered Level 1 of the Swamp
 29186 | Swamp:1  | Offered knowledge of Plasma Beam by Vehumet.
 29187 | Swamp:1  | Reached skill level 3 in Earth Magic
 29311 | Swamp:1  | HP: 10/113 [goliath frog (19)]
 29312 | Swamp:1  | Slain by a goliath frog

Vanquished Creatures
  An orc warlord (Orc:2)
  A stone giant (D:15)
  An eleionoma (Swamp:1)
  Snorg (Orc:1)
  Josephine (Lair:5)
  3 vault guards
  4 hydras
  4 catoblepae (Lair:5)
  4 centaur warriors
  3 anacondas (Lair:2)
  An ogre mage (D:13)
  5 two-headed ogres
  A two-headed ogre (shapeshifter) (D:15)
  2 boulder beetles
  4 tengu warriors
  10 death yaks (Lair:5)
  Urug (Orc:1)
  A vampire mage (D:12)
  Nergalle (D:10)
  A fire crab (Lair:2)
  A goliath frog (Swamp:1)
  3 skysharks
  5 skeletal warriors
  Pikel (D:4)
  A bog body (Lair:2)
  3 deep elf pyromancers
  A necromancer (D:14)
  3 cyclopes
  8 orc sorcerers (Orc:2)
  A wolf spider zombie (D:14)
  3 manticores
  A manticore (shapeshifter) (D:15)
  4 ugly things
  Maurice (D:12)
  4 elephants (Lair:4)
  A gargoyle (D:12)
  4 black mambas
  5 cane toads
  An unseen horror (D:11)
  2 rime drakes
  A redback zombie (D:14)
  A yaktaur (D:14)
  2 efreet
  8 komodo dragons
  4 polar bears
  6 meliai
  A tyrant leech (Swamp:1)
  A hornet (Lair:2)
  A queen bee (shapeshifter) (D:14)
  4 trolls
  4 blink frogs
  Prince Ribbit (Bailey)
  7 slime creatures
  Sigmund (D:2)
  4 water elementals
  9 vampires
  A basilisk (D:15)
  31 yaks
  4 wraiths (Lair:5)
  6 wyverns
  26 humans
  Grum (D:8)
  7 vampire mosquitoes
  2 steam dragons
  6 swamp worms
  6 wargs
  2 acid dragons
  5 nagas (Lair:3)
  7 water moccasins
  Duvessa (D:4)
  6 black bears
  26 orc warriors
  11 ogres
  3 sky beasts
  2 ice beasts
  22 wolves
  13 centaurs
  A lemure (D:4)
  6 kobold brigands
  20 bullfrogs
  4 scorpions
  7 wights
  Dowan (D:4)
  7 killer bees
  14 electric eels
  A crimson imp (D:4)
  3 howler monkeys
  2 hounds
  6 jellies
  2 gnoll boudas
  16 orc priests
  2 iguanas
  Natasha (thrice) (D:4)
  4 sleepcaps
  48 orc wizards
  5 hell rats (Lair:1)
  Terence (D:3)
  Robin (D:3)
  13 gnolls
  10 adders
  A shadow imp (D:8)
  3 white imps
  A nameless horror (Lair:2)
  2 ufetubi
  3 worms (D:2)
  3 dart slugs
  86 orcs
  7 ball pythons
  4 bats
  14 endoplasms
  4 giant cockroaches
  23 goblins
  11 hobgoblins
  25 kobolds
  3 quokkas
  3 training dummies (D:10)
  4 frilled lizards
  4 rats
724 creatures vanquished.

Vanquished Creatures (collateral kills)
  A vault guard (D:14)
  2 two-headed ogres (D:9)
  2 death yaks (Lair:5)
  A lindwurm (Lair:5)
  A bog body (Lair:2)
  An oklob plant (Lair:5)
  An elephant (Lair:4)
  A polar bear (Lair:5)
  3 blink frogs
  4 yaks
  4 wraiths
  A basilisk (Lair:2)
  A vampire mosquito (D:11)
  A warg (Orc:2)
  A wolf (Lair:2)
  A bullfrog (Bailey)
  3 wights (D:9)
29 creatures vanquished.

Vanquished Creatures (others)
  A manticore (Lair:5)
  An elephant (Lair:4)
  An orc (Orc:2)
  2 kobolds (D:7)
  25 fungi
  41 plants
71 creatures vanquished.

Grand Total: 824 creatures vanquished

Table legend: (Time is in decaauts)
 A = Elapsed time spent in this place.
 B = Non-inter-level travel time spent in this place.
 C = Inter-level travel time spent in this place.
 D = Time resting spent in this place.
 E = Time spent auto-exploring this place.
 F = Levels seen in this place.
 G = Mean time per level.
                   A        B        C        D        E       F      G
               +--------+--------+--------+--------+--------+-----+--------+
         Total |  28854 |  27024 |   1830 |   2215 |  18958 |  25 | 1154.2 |
       Dungeon |  19561 |  18198 |   1363 |   1413 |  13218 |  15 | 1304.1 |
        Temple |     52 |     47 |      5 |      0 |     34 |   1 |   52.0 |
          Lair |   6538 |   6172 |    366 |    507 |   4045 |   5 | 1307.6 |
         Swamp |    129 |    129 |      0 |     44 |     37 |   1 |  129.0 |
  Orcish Mines |   1938 |   1843 |     95 |      0 |   1461 |   2 |  969.0 |
        Bailey |    633 |    633 |      0 |    251 |    161 |   1 |  633.0 |
               +--------+--------+--------+--------+--------+-----+--------+

Top non-repeatable levels by time:
  Lair:5: 1987 daAuts
    D:14: 1788 daAuts
    D:10: 1713 daAuts
    D:11: 1538 daAuts
     D:9: 1491 daAuts
     D:4: 1395 daAuts
  Lair:2: 1386 daAuts
     D:2: 1383 daAuts
     D:3: 1367 daAuts
   Orc:2: 1307 daAuts
  Lair:3: 1282 daAuts
    D:15: 1268 daAuts
    D:12: 1263 daAuts
     D:5: 1237 daAuts
     D:7: 1200 daAuts

Table legend:
 A = Non-vault XP
 B = Vault XP
 C = Vault XP percentage of total XP
 D = Non-vault monster count
 E = Vault monster count
 F = Vault count percentage of total count
                 A         B        C        D         E       F
            +---------+---------+-------+---------+---------+-------
      Total |   84233 |   52151 |  38.2 |     503 |     247 |  32.9
            +---------+---------+-------+---------+---------+-------
        D:1 |      34 |      28 |  45.2 |      19 |       3 |  13.6
        D:2 |     195 |     229 |  54.0 |      30 |       4 |  11.8
        D:3 |     170 |     171 |  50.1 |      19 |      13 |  40.6
        D:4 |     432 |     998 |  69.8 |      15 |       6 |  28.6
        D:5 |     669 |       0 |   0.0 |      21 |       0 |   0.0
        D:6 |    1336 |       0 |   0.0 |      19 |       0 |   0.0
        D:7 |     986 |    1034 |  51.2 |      15 |       9 |  37.5
        D:8 |    1082 |     551 |  33.7 |       5 |       4 |  44.4
        D:9 |    3048 |    2729 |  47.2 |      47 |      17 |  26.6
       D:10 |    3305 |    1395 |  29.7 |      36 |      13 |  26.5
       D:11 |    2723 |       0 |   0.0 |      10 |       0 |   0.0
       D:12 |    4540 |    2735 |  37.6 |      13 |       9 |  40.9
       D:13 |   10044 |       0 |   0.0 |      23 |       0 |   0.0
       D:14 |    8236 |    7724 |  48.4 |      27 |      27 |  50.0
       D:15 |   10593 |    1088 |   9.3 |      24 |       1 |   4.0
     Lair:1 |    3240 |       0 |   0.0 |      19 |       0 |   0.0
     Lair:2 |    5995 |    8165 |  57.7 |      28 |      23 |  45.1
     Lair:3 |    3177 |    1286 |  28.8 |       9 |       8 |  47.1
     Lair:4 |    5326 |       0 |   0.0 |      16 |       0 |   0.0
     Lair:5 |   10272 |   13466 |  56.7 |      21 |      34 |  61.8
    Swamp:1 |    2111 |       0 |   0.0 |       3 |       0 |   0.0
      Orc:1 |    1683 |    1723 |  50.6 |      34 |       2 |   5.6
      Orc:2 |    5036 |    4921 |  49.4 |      50 |      51 |  50.5
     Bailey |       0 |    3908 | 100.0 |       0 |      23 | 100.0
            +---------+---------+-------+---------+---------+-------
